AoeStats
← PABLICRAFT07

Arabia

505720447Analyzed
1v1 RM · 22d ago on Sep 10, 2026· 34m 16s· 2 players
Game mode
Random Map
Map size
Tiny (2 player)
Population
200
Speed
Normal
Resources
Standard
Victory
Conquest
Starting age
Dark Age
Ending age
Imperial Age
RankedLock teamsTeams togetherTeam positionsShared explorationLock speedFull tech treeHidden civsTurbo modeCheats
Victory
Defeat
🇬🇧 Vikings · United Kingdom
797
+15
🇨🇱 Japanese · Chile
778
-15
PABLICRAFT07
7:58 Loom
10:59 Feudal Age
11:52 Double-Bit Axe
16:30 Forging
16:13 Fletching
16:34 Forging
17:15 Padded Archer Armor
24:18 Castle Age
24:41 Elite Skirmisher
25:18 Bodkin Arrow
28:43 Leather Archer Armor
SpackEye
11:22 Loom
13:08 Feudal Age
18:15 Castle Age
16:28 Double-Bit Axe
18:19 Crossbowman
19:00 Fletching
19:11 Padded Archer Armor
22:50 Bodkin Arrow
24:59 Leather Archer Armor
32:58 Scale Mail Armor
Connection lost

Rejoining the realm…

Still unreachable

The connection could not be restored.

Session expired

The server has moved on; the page needs a fresh start.